 Dungeon Crawl Stone Soup version 0.31-a0-965-g8a8ce12e04 (webtiles) character file.

Game seed: 11782280114419135825

485 strifetoe the Covered (level 6, -1/79 HPs)
             Began as an Armataur Berserker on Oct 27, 2023.
             Was a Priest of Trog.
             Slain by an ogre
             ... wielding a +0 giant club
              (24 damage)
             ... on level 5 of the Dungeon.
             The game lasted 00:06:28 (3588 turns).

strifetoe the Covered (Armataur Berserker)          Turns: 3588, Time: 00:06:28

Health: -1/79      AC: 10    Str: 24    XL:     6   Next: 88%
Magic:  6/6        EV:  7    Int:  7    God:    Trog [***...]
Gold:   38         SH:  6    Dex: 10    Spells: 5/5 levels left

rFire   . . .        a - +0 hand axe
rCold   . . .        b - +0 kite shield
rNeg    + . .        n - +2 ring mail {rN+}
rPois   .            (no helmet)
rElec   .            d - +0 cloak
rCorr   .            (no gloves)
SInv    .            (no barding)
Will    .....        (no amulet) Stlth
                     (no ring)
HPRegen 0.33/turn    (no ring)
MPRegen 0.10/turn

%: roll
@: berserking, very quick
A: large, rugged brown scales 3, deformed body, armoured tail, roll, long
tongue, awkward tongue
a: Renounce Religion, Berserk, Trog's Hand


You were on level 5 of the Dungeon.
You worshipped Trog.
Trog was most pleased with you.
You visited 1 branch of the dungeon, and saw 5 of its levels.

You collected 220 gold pieces.
You spent 182 gold pieces at shops.

Inventory:

Hand Weapons
 a - a +0 hand axe (weapon)
 c - a +3 quarterstaff of chaos
 r - a +0 dagger of draining
Missiles
 m - a throwing net
Armour
 b - a +0 kite shield (worn)
 d - a +0 cloak (worn)
 n - a +2 ring mail of positive energy (worn)
 p - a +0 chain mail
Jewellery
 t - a +6 ring of dexterity
Wands
 q - a wand of mindburst (8)
Scrolls
 h - 2 scrolls of identify
 k - 2 scrolls of fear
 l - a scroll of fog {unknown}
Potions
 e - 2 potions of attraction
 f - 3 potions of curing
 g - 3 potions of haste
 i - a potion of cancellation
 j - a potion of lignification
 o - a potion of heal wounds {unknown}
 s - a potion of ambrosia {unknown}


   Skills:
 - Level 2.6 Fighting
 + Level 5.2 Axes
 + Level 6.0 Armour
 - Level 1.3 Dodging


You had 5 spell levels left.
You didn't know any spells.
Your spell library was empty.

Dungeon Overview and Level Annotations

Branches:
Dungeon (5/15)
 Temple: D:4-7

Altars:

Shops:
D:3 !


Innate Abilities, Weirdness & Mutations

You are completely covered in rugged brown scales. (AC +3, +7% HP)
Armour fits poorly on your strangely shaped body.
You have a long armoured tail.
You roll when moving toward enemies. (Rampage)
Your long tongue fully drains potion bottles. (2x potion effects)
Your tongue gives you trouble enunciating. (1.5x scroll delay)


Message History

No target in view!
No target in view!
There's nothing to open nearby.
No target in view!
There's nothing to open nearby.
No target in view!
An orc and an orc wizard come into view.
The orc shouts!
The orc wizard shouts!
You hear a shout!
The orc moves out of view.
The orc wizard moves out of view.
An orc wizard comes into view. It is wielding a +0 dagger.
An orc wizard is nearby!
An orc wizard is nearby!
An orc priest comes into view. It is wielding a +4 hand axe.
The orc wizard shouts!
You hear a shout!
The orc wizard gestures at you while chanting.
The puff of flame hits you.
An ogre comes into view. It is wielding a +0 giant club.
You barely miss the ogre. The ogre hits you with a +0 giant club!
The orc wizard mumbles some strange words.
The orc wizard flickers and vanishes!
Deactivating autopickup; reactivate with Ctrl-A.
The orc wizard hits you but does no damage.
You hit the orc wizard but do no damage.
You completely miss the ogre. The ogre hits you with a +0 giant club!
The orc wizard hits you but does no damage.
You barely miss the orc wizard. You hit the ogre.
The orc wizard hits you but does no damage.
The ogre hits you with a +0 giant club!
Unknown command.
A red film seems to cover your vision as you go berserk!
You feel yourself moving faster!
You feel mighty! The orc wizard barely misses you.
The orc priest calls down the wrath of Beogh upon you.
Beogh smites you!
* * * LOW HITPOINT WARNING * * *
You slash the ogre!
The ogre is heavily wounded.
You hit the orc wizard.
The ogre hits you with a +0 giant club!!
You die...

###......# ##...###.##
#####..#####.#
#.....#####.<####
##.######........######
...###....#####.......#
.......####
#####.#.##..# ..######
#####......# ###
#o@..........
#oO#####...### ...o.
...# #.#.### ##..( ..
#### .#


You could see an ogre, an orc priest, an orc wizard and an orc.

Vanquished Creatures
  A sky beast (D:4)
  A hound (D:4)
  3 orc priests
  Crazy Yiuf (D:3)
  Ijyb (D:3)
  Terence (D:2)
  An iguana (D:5)
  An orc wizard (D:3)
  Robin (D:4)
  An adder (D:4)
  5 dart slugs
  3 worms
  11 orcs
  8 ball pythons
  3 bats
  7 endoplasms
  5 giant cockroaches
  23 goblins
  8 hobgoblins
  6 jackals
  3 kobolds
  3 quokkas
  3 frilled lizards (D:1)
  4 rats
104 creatures vanquished.

Notes
Turn   | Place    | Note
-------+----------+-------------------------------------------
     0 | D:1      | strifetoe the Armataur Berserker began the quest for the
                  | Orb.
     0 | D:1      | Reached XP level 1. HP: 19/19 MP: 1/1
    99 | D:1      | Reached XP level 2. HP: 15/26 MP: 2/2
   369 | D:1      | Reached XP level 3. HP: 29/32 MP: 3/3
   712 | D:1      | Reached ** piety under Trog
  1188 | D:2      | Reached skill level 3 in Armour
  1484 | D:2      | Reached XP level 4. HP: 30/39 MP: 4/4
  1599 | D:3      | Noticed Terence
  1621 | D:2      | Killed Terence
  1817 | D:3      | Found Ducy's Distillery.
  1826 | D:3      | Bought a potion of curing for 42 gold pieces
  1878 | D:3      | Noticed Ijyb
  1894 | D:3      | Killed Ijyb
  1895 | D:3      | Reached skill level 4 in Armour
  1895 | D:3      | Reached XP level 5. HP: 44/44 MP: 5/5
  2217 | D:3      | Found a faded altar of an unknown god.
  2314 | D:3      | Found a runed translucent door.
  2315 | D:3      | Noticed Crazy Yiuf
  2473 | D:3      | Killed Crazy Yiuf
  2542 | D:3      | Reached skill level 5 in Armour
  2660 | D:4      | Noticed a sky beast
  2803 | D:4      | Killed a sky beast
  2804 | D:4      | Reached XP level 6. HP: 53/53 MP: 6/6
  2985 | D:4      | Reached skill level 5 in Axes
  3031 | D:3      | Bought a potion of brilliance for 56 gold pieces
  3031 | D:3      | Bought a potion of curing for 42 gold pieces
  3031 | D:3      | Bought a potion of curing for 42 gold pieces
  3129 | D:4      | Noticed Robin
  3139 | D:4      | Killed Robin
  3143 | D:4      | Reached *** piety under Trog
  3481 | D:5      | Entered Level 5 of the Dungeon
  3509 | D:5      | Reached skill level 6 in Armour
  3588 | D:5      | Slain by an ogre

Illustrated notes

Levels and vault maps discovered:
D:1:      lightli_arrival_windingriver, layout_basic, st_stairs_6
D:2:      layout_loops_ring
D:3:      layout_rooms, basic_ecumenical_altar, serial_shops,
          nicolae_shop_industrial_runoff, uniq_terence, uniq_crazy_yiuf_cottage,
          uniq_ijyb
D:4:      layout_gridville, uniq_robin
D:5:      layout_rooms

Skill      XL: |  1  2  3  4  5  6 |
---------------+-------------------+-----
Axes           | 3 4 5 |  5.2
Armour         | 3 4 5 6 |  6.0
Fighting       | |  2.6
Dodging        | |  1.3

Action                     |  1- 3 |  4- 6 || total
---------------------------+-------+-------++-------
  Melee: Hand axe          |   133 |   162 ||   295
         Punch             |     1 |       ||     1
         Tailslap          |    17 |    17 ||    34
 Invoke: Berserk           |       |     8 ||     8
    Use: Potion            |       |     1 ||     1
         Scroll            |       |    10 ||    10
 Armour: Scale mail        |   105 |       ||   105
         Animal skin       |     2 |       ||     2
         Ring mail         |       |   134 ||   134
  Dodge: Dodged            |    63 |    66 ||   129
  Block: Kite shield       |       |    54 ||    54

Table legend: (Time is in decaauts)
 A = Elapsed time spent in this place.
 B = Non-inter-level travel time spent in this place.
 C = Inter-level travel time spent in this place.
 D = Time resting spent in this place.
 E = Time spent auto-exploring this place.
 F = Levels seen in this place.
 G = Mean time per level.
                   A        B        C        D        E       F      G
               +--------+--------+--------+--------+--------+-----+--------+
         Total |   3707 |   3620 |     87 |    441 |   2358 |   5 |  741.4 |
       Dungeon |   3707 |   3620 |     87 |    441 |   2358 |   5 |  741.4 |
               +--------+--------+--------+--------+--------+-----+--------+

Top non-repeatable levels by time:
     D:3: 1092 daAuts
     D:1: 845 daAuts
     D:2: 832 daAuts
     D:4: 826 daAuts
     D:5: 110 daAuts
